 Dungeon Crawl Stone Soup version 0.30.1-9-gdf580d7c3d (webtiles) character file.

Game seed: 17735636313220982868

49 lonewolfV2 the Trooper (level 3, -18/30 HPs)
             Began as a Demonspawn Chaos Knight on Oct 24, 2023.
             Was a Plaything of Xom.
             Demolished by an ogre
             ... wielding a +0 giant spiked club
              (28 damage)
             ... on level 6 of the Dungeon.
             The game lasted 00:05:16 (11279 turns).

lonewolfV2 the Trooper (Demonspawn Chaos Knight)   Turns: 11279, Time: 00:05:16

Health: -18/30     AC:  5    Str: 11    XL:     3   Next: 51%
Magic:  3/3        EV: 11    Int: 15    God:    Xom [.*....]
Gold:   233        SH:  0    Dex: 21    Spells: 2/2 levels left

rFire   . . .        a - +0 hand axe (chaos)
rCold   . . .        (no shield)
rNeg    . . .        b - +2 leather armour
rPois   .            (helmet restricted)
rElec   +            (no cloak)
rCorr   .            (no gloves)
SInv    .            (no boots)
Will    .....        h - amulet of the acrobat
Stlth   +++          (no ring)
HPRegen 0.25/turn    (no ring)
MPRegen 0.08/turn

%: acrobat, clarity
@: unable to read
A: claws 1, antennae 1, thin skeletal structure 1, agile 2, clarity, clever 1,
deterioration 1, screaming 1, electricity resistance, inability to read after
injury 1
a: Renounce Religion


You were on level 6 of the Dungeon.
You worshipped Xom.
You were a plaything of Xom.
You visited 1 branch of the dungeon, and saw 4 of its levels.

You collected 233 gold pieces.

Inventory:

Hand Weapons
 a - a +0 hand axe of chaos (weapon)
Armour
 b - a +2 leather armour (worn)
Jewellery
 h - an amulet of the acrobat (around neck)
Wands
 k - a wand of charming (3)
Scrolls
 d - 9 scrolls of identify {unknown}
 f - a scroll of blinking {unknown}
 g - 2 scrolls of enchant armour {unknown}
 i - a scroll of vulnerability {unknown}
 j - a scroll of fear {unknown}
 l - a scroll of amnesia {unknown}
 n - a scroll of immolation {unknown}
 o - a scroll of noise {unknown}
Potions
 e - 4 potions of curing {unknown}
 m - a potion of degeneration {unknown}
 p - 2 potions of mutation {unknown}
Miscellaneous
 c - a piece from Xom's chessboard (8/15) (quivered)


   Skills:
 * Level 4.1 Fighting
 + Level 3.2 Axes
 - Level 1.8 Armour
 - Level 1.0 Dodging


You had 2 spell levels left.
You didn't know any spells.
Your spell library contained the following spells:

 Spells                   Type           Power      Damage    Failure   Level
 Freeze                   Ice            0%         1d3       34%         1
 Sublimation of Blood     Necr           0%         N/A       47%         2
 Frozen Ramparts          Ice            0%         1d1       71%         3
 Hailstorm                Conj/Ice       0%         3d3       71%         3
 Ozocubu's Armour         Ice            0%         N/A       71%         3
 Petrify                  Tmut/Erth      0%         N/A       98%         4
 Irradiate                Conj/Tmut      0%         3d11      100%        5
 Metabolic Englaciation   Hex/Ice        0%         N/A       100%        5
 Simulacrum               Ice/Necr       0%         N/A       100%        6


Dungeon Overview and Level Annotations

Branches:
Dungeon (3/15)

Altars:
Uskayaw


Innate Abilities, Weirdness & Mutations

You have sharp fingernails.
You have a pair of small antennae on your head.
You have a somewhat thin skeletal structure. (Dex +2, Stealth+)
You are very agile. (Dex +8, Str/Int -2)
You possess an exceptional clarity of mind.
Your mind is acute. (Int +4, Str/Dex -1)
Your body sometimes deteriorates upon taking damage.
You occasionally shout uncontrollably at your foes.
You are resistant to electric shocks. (rElec)
You occasionally lose the ability to read scrolls when taking damage.


Message History

The ogre is lightly wounded.
The helpless ogre fails to defend itself.
You hit the ogre.
The ogre easily resists.
The ogre is lightly wounded.
The helpless ogre fails to defend itself.
You hit the ogre.
The ogre is lightly wounded.
The helpless ogre fails to defend itself.
You hit the ogre. You burn the ogre.
The ogre is moderately wounded.
The helpless ogre fails to defend itself.
You hit the ogre.
The ogre is moderately wounded.
The helpless ogre fails to defend itself.
You hit the ogre.
The ogre is moderately wounded.
The helpless ogre fails to defend itself.
You hit the ogre.
The ogre is heavily wounded.
The ogre is no longer petrified.
The ogre hits you with a +0 giant spiked club!!
Ouch! That really hurt!
* * * LOW HITPOINT WARNING * * *
You hit the ogre but do no damage.
The ogre is heavily wounded.
The ogre closely misses you.
You make a move on Xom's chessboard...
The ogre seems to grow stronger.
The ogre barely misses you.
You make a move on Xom's chessboard...
The ogre twists and deforms.
The ogre closely misses you.
You make a move on Xom's chessboard...
The ogre resists with significant effort.
The ogre closely misses you.
You hit the ogre.
The ogre is poisoned.
The ogre is heavily wounded.
The ogre hits you with a +0 giant spiked club!!
You feel threatened and lose the ability to read scrolls!
Ouch! That really hurt!
You die...
Xom cackles wildly!

##########
#.....O...
#.# #.#
#O# #@#
#.# #.#
#.# #.#
#.# #.#
#.# #..


You could see an ogre (fast, strong, very poisoned, misshapen).

Vanquished Creatures
  An adder (D:2)
  A worm (D:2)
  A dart slug (D:1)
  2 ball pythons (D:1)
  3 endoplasms
  2 giant cockroaches (D:1)
  6 hobgoblins
  3 jackals (D:2)
  2 kobolds
  A bat (D:1)
  2 frilled lizards
  3 goblins
  5 rats
32 creatures vanquished.

Notes
Turn   | Place    | Note
-------+----------+-------------------------------------------
     0 | D:1      | lonewolfV2 the Demonspawn Chaos Knight began the quest for
                  | the Orb.
     0 | D:1      | Reached XP level 1. HP: 18/18 MP: 1/1
    22 | D:1      | Reached skill level 1 in Dodging
    60 | D:1      | XOM: potion effect (brilliance)
   122 | D:1      | XOM: divination: detect items
   162 | D:1      | Gained mutation: You have sharp fingernails. [demonic
                  | ancestry]
   162 | D:1      | Reached XP level 2. HP: 22/24 MP: 2/2
   206 | D:1      | XOM: silly message
   535 | D:1      | XOM: silly message
   706 | D:1      | XOM: divination: detect creatures
   964 | D:1      | XOM: give mutations
   964 | D:1      | Gained mutation: Your spells are a little harder to cast,
                  | but a little more powerful. [Xom's grace]
   964 | D:1      | Gained mutation: Your mind is acute. (Int +4, Str/Dex -1)
                  | [Xom's grace]
   964 | D:1      | Gained mutation: Your system is resistant to poisons.
                  | (rPois) [Xom's grace]
   964 | D:1      | Gained mutation: Your muscles are strong. (Str +4, Int/Dex
                  | -1) [Xom's grace]
  1026 | D:1      | XOM: god gift: 58 gold pieces
  2174 | D:1      | XOM: cloud trail
  2194 | D:1      | XOM is BORED!
  2194 | D:1      | XOM: give mutations
  2194 | D:1      | Gained mutation: Your muscles are very strong. (Str +8,
                  | Int/Dex -2) [Xom's mischief]
  2194 | D:1      | Lost mutation: Your system is resistant to poisons. (rPois)
                  | [Xom's mischief]
  2194 | D:1      | Lost mutation: Your spells are a little harder to cast, but
                  | a little more powerful. [Xom's mischief]
  2385 | D:1      | XOM is BORED!
  2385 | D:1      | XOM: give mutations
  2385 | D:1      | Lost mutation: Your muscles are very strong. (Str +8,
                  | Int/Dex -2) [Xom's mischief]
  2385 | D:1      | Gained mutation: You passively dampen the noise of your
                  | surroundings. [Xom's mischief]
  2385 | D:1      | Gained mutation: You occasionally shout uncontrollably at
                  | your foes. [Xom's mischief]
  2758 | D:1      | XOM: give mutations
  2758 | D:1      | Gained mutation: Your spells are a little harder to cast,
                  | but a little more powerful. [Xom's grace]
  2758 | D:1      | Gained mutation: You have a pair of small horns on your
                  | head. [Xom's grace]
  3062 | D:1      | XOM: summons 2 hostile demons
  3354 | D:1      | XOM: noise
  3944 | D:1      | XOM: noise
  4991 | D:1      | Glimpsed the power of Zot.
  5008 | D:1      | XOM: give mutations
  5008 | D:1      | Gained mutation: You possess an exceptional clarity of
                  | mind. [Xom's mischief]
  5008 | D:1      | Lost mutation: You have a pair of small horns on your head.
                  | [Xom's mischief]
  5145 | D:2      | XOM: god gift: 33 gold pieces
  5192 | D:2      | Reached XP level 3. HP: 23/30 MP: 3/3
  5245 | D:2      | Reached skill level 4 in Fighting
  5266 | D:2      | XOM: silly message
  5405 | D:2      | XOM: god gift: 32 gold pieces
  5424 | D:2      | XOM: cloud trail
  5429 | D:2      | XOM: polymorph ball python -> endoplasm
  5503 | D:2      | XOM: silly message
  6003 | D:2      | XOM: cloud trail
  6040 | D:2      | XOM: divination: detect items
  6306 | D:2      | XOM: silly message
  6825 | D:2      | XOM: give mutations
  6825 | D:2      | Lost mutation: Your spells are a little harder to cast, but
                  | a little more powerful. [Xom's mischief]
  6825 | D:2      | Gained mutation: You are agile. (Dex +4, Str/Int -1) [Xom's
                  | mischief]
  6825 | D:2      | Gained mutation: You occasionally lose the ability to read
                  | scrolls when taking damage. [Xom's mischief]
  7595 | D:2      | XOM is BORED!
  7595 | D:2      | XOM: summons 4 hostile shadow creatures
  7635 | D:2      | XOM: give mutation
  7635 | D:2      | Gained mutation: Your flesh is heat resistant. (rF+) [Xom's
                  | grace]
  8216 | D:2      | XOM: give mutations
  8216 | D:2      | Lost mutation: Your muscles are strong. (Str +4, Int/Dex
                  | -1) [Xom's mischief]
  8216 | D:2      | Gained mutation: Your body sometimes deteriorates upon
                  | taking damage. [Xom's mischief]
  8216 | D:2      | Lost mutation: You possess an exceptional clarity of mind.
                  | [Xom's mischief]
  8216 | D:2      | Gained mutation: You have a somewhat thin skeletal
                  | structure. (Dex +2, Stealth+) [Xom's mischief]
  9089 | D:2      | XOM: give mutations
  9089 | D:2      | Gained mutation: You are very agile. (Dex +8, Str/Int -2)
                  | [Xom's grace]
  9089 | D:2      | Gained mutation: You have a pair of small antennae on your
                  | head. [Xom's grace]
  9089 | D:2      | Gained mutation: You possess an exceptional clarity of
                  | mind. [Xom's grace]
  9089 | D:2      | Gained mutation: Your muscles are strong. (Str +4, Int/Dex
                  | -1) [Xom's grace]
  9265 | D:2      | XOM: summons 4 hostile shadow creatures
  9536 | D:2      | XOM: noise
  9765 | D:2      | XOM: give mutations
  9765 | D:2      | Lost mutation: You passively dampen the noise of your
                  | surroundings. [Xom's mischief]
  9765 | D:2      | Lost mutation: Your flesh is heat resistant. (rF+) [Xom's
                  | mischief]
  9765 | D:2      | Lost mutation: Your muscles are strong. (Str +4, Int/Dex
                  | -1) [Xom's mischief]
  9765 | D:2      | Gained mutation: You are resistant to electric shocks.
                  | (rElec) [Xom's mischief]
 10982 | D:2      | Glimpsed the power of Zot.
 11007 | D:3      | Found a hide-covered altar of Uskayaw.
 11250 | D:3      | You fall into a shaft and drop 3 floors!
 11253 | D:6      | Noticed an ogre
 11279 | D:6      | Demolished by an ogre

Illustrated notes

Levels and vault maps discovered:
D:1:      dpeg_arrival_short_road, layout_basic, grunt_decor_fettered,
          kennysheep_another_room
D:2:      layout_basic, hangedman_decor_growths
D:3:      layout_loops_cross, mainiacjoe_overflow_cross_hatched
D:6:      layout_basic, nicolae_elyvilon_peaceful_grove,
          mainiacjoe_overflow_small_starburst, mainiacjoe_overflow_boulevard,
          minivault_11, uniq_duvessa

Skill      XL: |  1  2  3 |
---------------+----------+-----
Dodging        | 1 |  1.0
Axes           | 3 |  3.2
Fighting       | 4 |  4.1
Armour         | |  1.8

Action                     || total
---------------------------++-------
  Melee: Hand axe          ||   136
         Headbutt          ||     1
  Evoke: Piece from Xom's  ||     7
   Stab: Petrified         ||     8
         Confused          ||     1
         Sleeping          ||     1
 Armour: Leather armour    ||    55
  Dodge: Dodged            ||   107
